 Dungeon Crawl Stone Soup version 0.17-a0-2231-gd80ca38 (webtiles) character file.

174 Raultor the Covert (level 5, -3/26 HPs)
             Began as a Vine Stalker Assassin on Oct 29, 2015.
             Slain by Uberwunderbarhen's ghost (8 damage)
             ... on level 3 of the Dungeon.
             The game lasted 00:07:16 (2177 turns).

Raultor the Covert (Vine Stalker Assassin)          Turns: 2177, Time: 00:07:17

Health: -3/26      AC:  4    Str: 14    XL:     5   Next: 54%
Magic:  0/6        EV: 11    Int: 11    God:
Gold:   77         SH:  0    Dex: 16    Spells: 0 memorised, 4 levels left

rFire  . . .     SeeInvis .     a - +2 dagger
rCold  . . .     Clarity  .     c - +0 robe
rNeg   . . .     SustAt   .     (no shield)
rPois  .         Gourm    .     (no helmet)
rElec  .         Spirit   +     d - +0 cloak
rCorr  .         Warding  .     w - +0 pair of gloves
rMut   .         Stasis   .     (no boots)
MR     .....                    (no amulet)
Stlth  ++++......               (no ring)
                                (no ring)

@: not resistant to hostile enchantments, stealthy
A: fangs 2, regeneration 1, magic shield, antimagic bite, no device heal 3, rot
immunity
a: no special abilities


You were on level 3 of the Dungeon.
You were not hungry.

You visited 1 branch of the dungeon, and saw 3 of its levels.

You collected 77 gold pieces.

Inventory:

Hand Weapons
 a - a +2 dagger (weapon)
 b - a +0 blowgun
Missiles
 e - 8 poisoned needles
 f - 2 curare-tipped needles
 u - 3 tomahawks (quivered)
 B - 3 tomahawks of returning
Armour
 c - a +0 robe (worn)
 d - a +0 cloak (worn)
 w - a +0 pair of gloves (worn)
Jewellery
 C - a +4 ring of strength {unknown}
 D - a cursed ring of teleportation {unknown}
Scrolls
 i - 3 scrolls of remove curse {unknown}
 m - 3 scrolls of enchant armour {unknown}
 n - a scroll of immolation {unknown}
 o - 3 scrolls of blinking {unknown}
 p - a scroll of noise {unknown}
 q - a scroll of magic mapping {unknown}
 r - a scroll of teleportation {unknown}
 v - a scroll of random uselessness {unknown}
 x - a scroll of fear {unknown}
 y - 2 scrolls of fog {unknown}
 z - a scroll of identify {unknown}
 A - a scroll of amnesia {unknown}
Potions
 h - a potion of lignification {unknown}
 l - a potion of flight {unknown}
 t - a potion of poison {unknown}
Comestibles
 g - a bread ration
 j - 3 meat rations
 k - 2 beef jerkies
 s - 8 chunks of flesh


   Skills:
 - Level 1.7 Fighting
 - Level 1.7 Short Blades
 - Level 1.7 Throwing
 - Level 0.7 Dodging
 + Level 8.4 Stealth


You had 4 spell levels left.
You didn't know any spells.

Dungeon Overview and Level Annotations

Branches:
Dungeon (3/15)

Altars:
Cheibriados

Annotations:
D:3 Uberwunderbarhen's ghost, amateur OpFi


Innate Abilities, Weirdness & Mutations

You have extremely sharp teeth.
Your natural rate of healing is unusually fast.
When hurt, damage is shared between your health and your magic reserves.
Your bite disrupts and absorbs the magic of your enemies.
Potions and wands cannot restore your health.
You are immune to rotting.


Message History

You hit Uberwunderbarhen's ghost.
Uberwunderbarhen's ghost is moderately damaged.
Uberwunderbarhen's ghost hits you!
You hit Uberwunderbarhen's ghost. You bite Uberwunderbarhen's ghost.
You drain its power.
You feel invigorated.
Uberwunderbarhen's ghost is heavily damaged.
Uberwunderbarhen's ghost closely misses you.
You hit Uberwunderbarhen's ghost.
You bite Uberwunderbarhen's ghost, but do no damage.
Uberwunderbarhen's ghost is severely damaged.
Uberwunderbarhen's ghost hits you!
You hit Uberwunderbarhen's ghost. You bite Uberwunderbarhen's ghost.
You drain its power.
You feel invigorated.
Uberwunderbarhen's ghost is severely damaged.
Uberwunderbarhen's ghost hits you!
* * * LOW HITPOINT WARNING * * *
You hit Uberwunderbarhen's ghost.
Uberwunderbarhen's ghost is almost destroyed.
Uberwunderbarhen's ghost hits you!
You die...

#.# #(# ####
#######.#######
#...
#.......(.....#
#.##
#.#####.(####.#
#.# ##(# #.# #(#
#.# ##W##
#.#####.@.#
#.......#......#
#..####...####.#
# #..# ##.## #
#..# .# # #..###
.# # #....# .# #
##.#<# .. #
#.#.# #


You could see Uberwunderbarhen's ghost.

Vanquished Creatures
  Ijyb (D:2)
  4 adders
  4 gnolls (D:2)
  2 worms (D:3)
  A giant gecko (D:3)
  4 orcs (D:3)
  7 bats
  3 giant cockroaches (D:1)
  5 hobgoblins
  4 jackals (D:3)
  11 kobolds
  A quokka (D:2)
  2 ball pythons
  4 giant newts
  4 goblins
  11 rats
68 creatures vanquished.

Notes
Turn   | Place    | Note
--------------------------------------------------------------
     0 | D:1      | Raultor the Vine Stalker Assassin began the quest for the Orb.
     0 | D:1      | Reached XP level 1. HP: 11/11 MP: 2/2
   100 | D:1      | Reached skill level 5 in Stealth
   227 | D:1      | Reached XP level 2. HP: 15/15 MP: 3/3
   540 | D:1      | Reached skill level 6 in Stealth
   809 | D:2      | Reached XP level 3. HP: 14/18 MP: 4/4
  1015 | D:2      | Noticed Ijyb
  1035 | D:2      | Killed Ijyb
  1035 | D:2      | Reached skill level 7 in Stealth
  1035 | D:2      | Reached XP level 4. HP: 12/23 MP: 5/5
  1313 | D:2      | Reached XP level 5. HP: 26/26 MP: 6/6
  1353 | D:2      | Reached skill level 8 in Stealth
  2101 | D:3      | Found a snail-covered altar of Cheibriados.
  2167 | D:3      | Noticed Uberwunderbarhen's ghost (amateur OpFi)
  2177 | D:3      | Slain by Uberwunderbarhen's ghost

Vault maps used:
D:1:      dpeg_arrival_sounds_slurp
D:2:      uniq_iyjb
D:3:      cheibriados_altar_1

Action                   |  1- 3 |  4- 6 || total
-------------------------+-------+-------++-------
Melee: Dagger            |    89 |   102 ||   191
 Fire: Blowgun           |       |    10 ||    10
Throw: Tomahawk          |       |    14 ||    14
 Stab: Sleeping          |     9 |     8 ||    17
       Distracted        |     1 |     1 ||     2
  Eat: Chunk             |       |     4 ||     4
